 Dungeon Crawl Stone Soup version 0.29-a0-613-gf2c431b9b9 (webtiles) character file.

Game seed: 3556298308100831742

90 Vylera the Magician (level 4, -6/33 HPs)
             Began as a Djinni Wanderer on June 17, 2022.
             Was a High Priest of Ignis.
             Mangled by sammy202020's ghost (9 damage)
             ... on level 3 of the Dungeon.
             The game lasted 00:07:12 (3284 turns).

Vylera the Magician (Djinni Wanderer)               Turns: 3284, Time: 00:07:14

Health: -6/33      AC:  9    Str:  7    XL:     4   Next: 85%
Gold:   158        EV: 11    Int: 17    God:    Ignis [*****.] SH:  0 Dex: 12

rFire   + + +      SeeInvis .   m - +3 mace of Action {antimagic, rElec rN+ Will++ Dex-3}
rCold   + . .      Faith    .   (no shield)
rNeg    + . .      Spirit   .   d - +0 robe
rPois   ∞          Reflect  .   (helmet currently unavailable)
rElec   +          Harm     .   (no cloak)
rCorr   +          Rampage  .   (no gloves)
Will    ++...                   (boots unavailable)
Stlth   +.........              (no amulet)
HPRegen 0.11/turn               g - ring of protection from cold
MPRegen 0.00/turn               (no ring)

@: appendages, resistant, fiery-armoured, flying
A: horns 2, flying, sickness immunity, fire resistance 2, cold vulnerability 1,
float, innate caster, HP casting, extra vitality 1
a: End Transformation, Renounce Religion, Fiery Armour, Foxfire Swarm, Rising
Flame


You were on level 3 of the Dungeon.
You worshipped Ignis.
Ignis was extremely pleased with you.
You had temporarily grown beastly horns.
You visited 1 branch of the dungeon, and saw 3 of its levels.

You collected 158 gold pieces.

Inventory:

Hand Weapons
 a - a +0 falchion
 m - the +3 mace of Action (weapon) {antimagic, rElec rN+ Will++ Dex-3}
   (You took it off an orc on level 3 of the Dungeon)

   It reduces the magical energy of the wielder, and disrupts the spells and
   magical abilities of those it strikes.
   Natural abilities and divine invocations are not affected.
   Dex:       It affects your dexterity (-3).
   rElec:     It insulates you from electricity.
   rN:        It protects you from negative energy.
   Will:      It greatly increases your willpower.
Missiles
 i - 6 poisoned darts
Armour
 b - a +0 helmet (melded)
 d - a +0 robe (worn)
Jewellery
 g - a ring of protection from cold (left hand)
Scrolls
 f - 3 scrolls of identify {unknown}
 h - 2 scrolls of teleportation {unknown}
 l - a scroll of enchant armour {unknown}
 o - a scroll of immolation
Potions
 e - a potion of ambrosia {unknown}
 j - a potion of magic {unknown}
 k - a potion of resistance
 n - a potion of lignification {unknown}
 p - 2 potions of brilliance {unknown}


   Skills:
 - Level 2.0 Fighting
 - Level 1.7 Long Blades
 - Level 1.1 Dodging
 - Level 0.3 Stealth
 + Level 5.0 Spellcasting


You had 3 spell levels left.
You knew the following spells:

 Your Spells              Type           Power      Damage    Failure   Level
a - Apportation           Tloc           42%        N/A       1%          1
b - Conjure Flame         Conj/Fire      21%        6-21      5%          3
c - Ignite Poison         Fire/Tmut/Pois 21%        N/A       5%          3
d - Static Discharge      Conj/Air       21%        N/A       2%          2
e - Beastly Appendage     Tmut           42%        N/A       1%          1

Your spell library contained the following spells:

 Spells                   Type           Power      Damage    Failure   Level


Dungeon Overview and Level Annotations

Branches:
Dungeon (3/15)

Altars:
Ignis

Annotations:
D:3 2 transporters, sammy202020's ghost, weakling MiFi


Innate Abilities, Weirdness & Mutations

You have temporarily grown beastly horns.
You are flying.
You are immune to sickness and miasma.
You are immune to poison.
Your flesh is very heat resistant. (rF++)
You are vulnerable to cold. (rC-)
You float through the air rather than walking.
You learn spells naturally, not from books.
Your magical power is your life essence.
You have superior vitality. (+4 MHP)


Message History

Sammy202020's ghost is moderately damaged.
Sammy202020's ghost hits you.
Sammy202020's ghost resists.
Sammy202020's ghost is burned by your cloak of flames.
Sammy202020's ghost is moderately damaged.
You barely miss sammy202020's ghost.
Sammy202020's ghost is moderately damaged.
Sammy202020's ghost closely misses you. Sammy202020's ghost hits you!
Casting: Conjure Flame (dangerous; 5% risk of failure)
Confirm with . or Enter, or press ? or * to list all spells.
Sammy202020's ghost is struck by an arc of lightning!
Sammy202020's ghost is heavily damaged.
The lightning grounds out.
Sammy202020's ghost hits you but does no damage.
Sammy202020's ghost resists.
Sammy202020's ghost is burned by your cloak of flames.
Sammy202020's ghost is heavily damaged.
Casting: Static Discharge (safe; 2% risk of failure)
Confirm with . or Enter, or press ? or * to list all spells.
Sammy202020's ghost is struck by an arc of lightning.
Sammy202020's ghost is severely damaged.
The lightning grounds out.
Sammy202020's ghost hits you.
* * * LOW HITPOINT WARNING * * *
Sammy202020's ghost resists.
Sammy202020's ghost is burned by your cloak of flames.
Sammy202020's ghost is severely damaged.
Casting: Static Discharge (safe; 2% risk of failure)
Confirm with . or Enter, or press ? or * to list all spells.
Sammy202020's ghost is struck by an arc of lightning.
Sammy202020's ghost is almost destroyed.
The lightning grounds out.
* * * LOW HITPOINT WARNING * * *
Sammy202020's ghost hits you but does no damage.
Casting: Static Discharge (safe; 2% risk of failure)
Confirm with . or Enter, or press ? or * to list all spells.
Sammy202020's ghost is struck by an arc of lightning.
Sammy202020's ghost is almost destroyed.
The lightning grounds out.
* * * LOW HITPOINT WARNING * * *
Sammy202020's ghost hits you!
You die...

.# #...........# #.).....# .#
####.######## #.......####
.#########.# #...........
........##.# #........##.
.######.##.###########........##.
.....................'...........
#######[##.############.......###
......).##.# ##..#..|#.......#
.#########.####.@W'.?.#...#.#####
..................#.$.#..........
...........##############.#.#####
.#.######### #.##.#<..#.# .#.#
#########.##...###.# ##.#
#........_#........#
...#######.#######......#####
.........#.# ##.#####
.........#.# #####...#####


You could see sammy202020's ghost.

Vanquished Creatures
  An adder (D:2)
  An ufetubus (D:3)
  5 dart slugs
  3 orcs (D:3)
  6 endoplasms
  2 giant cockroaches (D:1)
  5 goblins
  3 hobgoblins (D:1)
  7 jackals
  6 kobolds
  2 quokkas
  3 ball pythons
  8 bats
  2 frilled lizards
  6 rats
60 creatures vanquished.

Vanquished Creatures (others)
  7 foxfires (D:3)
7 creatures vanquished.

Grand Total: 67 creatures vanquished

Notes
Turn   | Place    | Note
-------+----------+-------------------------------------------
     0 | D:1      | Vylera the Djinni Wanderer began the quest for the Orb.
     0 | D:1      | Vylera set off with the following items: a +0 falchion, a
                  | +0 helmet, a potion of heal wounds, a +0 robethe following
                  | spells memorised: Apportation, Conjure Flame, Ignite
                  | Poison, Static Discharge.
     0 | D:1      | Reached XP level 1. HP: 17/17 MP: 0/0
   314 | D:1      | Reached XP level 2. HP: 19/22 MP: 0/0
   689 | D:1      | Reached XP level 3. HP: 27/27 MP: 0/0
   689 | D:1      | Learned a level 1 spell: Beastly Appendage
  1959 | D:2      | Reached XP level 4. HP: 29/32 MP: 0/0
  2338 | D:3      | Found a transporter.
  2339 | D:3      | Found a faded altar of an unknown god.
  2596 | D:3      | Prayed at the altar of an unknown god.
  2596 | D:3      | Became a worshipper of Ignis, the Dying Flame
  2615 | D:3      | Found a transporter.
  2615 | D:3      | Identified the +3 mace of Action {antimagic, rElec rN+
                  | Will++ Dex-3}
  2869 | D:3      | Found a runed translucent door.
  2870 | D:3      | Noticed sammy202020's ghost (weakling MiFi)
  3100 | D:3      | Reached skill level 5 in Spellcasting
  3284 | D:3      | Mangled by sammy202020's ghost

Illustrated notes

Levels and vault maps discovered:
D:1:      eino_arrival_druids_welcome, layout_basic, minmay_unequal
D:2:      layout_basic, serial_bayou_pond_d
D:3:      gammafunk_wand_slinger, layout_basic, basic_ecumenical_altar,
          ebering_ghost_inner_flame, grunt_ministairs_2

Skill      XL: |  1  2  3  4 |
---------------+-------------+-----
Fighting       | 2 |  2.0
Spellcasting   | 5 |  5.0
Long Blades    | |  1.7
Dodging        | |  1.1
Stealth        | |  0.3

Action                   |  1- 3 |  4- 6 || total
-------------------------+-------+-------++-------
Melee: Falchion          |   139 |    35 ||   174
       Punch             |     1 |       ||     1
       Mace              |       |    30 ||    30
       Headbutt          |       |     1 ||     1
 Cast: Static Discharge  |     3 |     5 ||     8
       Beastly Appendage |       |     3 ||     3
       Conjure Flame     |       |     1 ||     1
Invok: Foxfire Swarm     |       |     1 ||     1
       Fiery Armour      |       |     1 ||     1
  Use: Potion            |     1 |     2 ||     3
 Stab: Sleeping          |     2 |     3 ||     5
Armor: Robe              |    43 |    30 ||    73
Dodge: Dodged            |   110 |    53 ||   163

Table legend: (Time is in decaauts)
 A = Elapsed time spent in this place.
 B = Non-inter-level travel time spent in this place.
 C = Inter-level travel time spent in this place.
 D = Time resting spent in this place.
 E = Time spent auto-exploring this place.
 F = Levels seen in this place.
 G = Mean time per level.
                   A        B        C        D        E       F      G
               +--------+--------+--------+--------+--------+-----+--------+
         Total |   3331 |   3255 |     76 |    224 |   2484 |   3 | 1110.3 |
       Dungeon |   3331 |   3255 |     76 |    224 |   2484 |   3 | 1110.3 |
               +--------+--------+--------+--------+--------+-----+--------+

Top non-repeatable levels by time:
     D:1: 1354 daAuts
     D:3: 1035 daAuts
     D:2: 941 daAuts
